 Dungeon Crawl Stone Soup version 0.29.0-7-g18a832c13a (webtiles) character file.

Game seed: 2877824805179070137

2 Sobieck the Poker (level 1, 16/18 HPs)
             Began as a Minotaur Gladiator on Aug 31, 2022.
             Got out of the dungeon alive.
             The game lasted 00:00:41 (105 turns).

Sobieck the Poker (Minotaur Gladiator)               Turns: 105, Time: 00:00:42

Health: 16/18      AC:  3    Str: 18    XL:     1   Next: 25%
Magic:  0/0        EV: 12    Int:  5    God:
Gold:   17         SH:  0    Dex: 11    Spells: 0/0 levels left

rFire   . . .      SeeInvis .   a - +0 trident {polearm}
rCold   . . .      Faith    .   (no shield)
rNeg    . . .      Spirit   .   b - +0 leather armour
rPois   .          Reflect  .   c - +0 hat
rElec   .          Harm     .   (no cloak)
rCorr   .          Rampage  .   (no gloves)
Will    .....                   (no boots)
Stlth   +.........              (no amulet)
HPRegen 0.06/turn               (no ring)
MPRegen 0.07/turn               (no ring)

@: no status effects
A: horns 2, retaliatory headbutt
a: no special abilities


You escaped.
You visited 1 branch of the dungeon, and saw 1 of its levels.

You collected 17 gold pieces.


Innate Abilities, Weirdness & Mutations

You have a pair of horns on your head.
You reflexively headbutt those who attack you in melee.


   Skills:
 - Level 2.4 Fighting
 * Level 3.7 Polearms
 - Level 2.0 Throwing
 - Level 3.2 Dodging
 + Level 0.1 Stealth


You couldn't memorise any spells.
You didn't know any spells.
Your spell library was empty.

Inventory:

Hand Weapons
 a - a +0 trident (weapon) {polearm}
Missiles
 d - 3 throwing nets (quivered) {=f!fthrowing}
 e - a javelin {throwing}
Armour
 b - a +0 leather armour (worn)
 c - a +0 hat (worn)
 f - a +0 plate armour
   (You found it on level 1 of the Dungeon)

Dungeon Overview and Level Annotations

Branches:
Dungeon (1/15) Zot: 5889

Altars:

#########
#....~#.P##
#.~.P~..~.#####
#~~~..P..~....###
#~P..P..........##
#PP....PP.......P#
#~.P..P.~..~P.~.P#
#@......PP..PP....
#P.........P.P....
#..g.P...P.PP..P..
#..~~P..~.....~...
#......P.P........
#...~...P≈P....##.
#..##~~~.~.##~.##.
###..~~~~.#.~≈###.
##≈≈#≈≈###### #.


You could see a gnoll.


Message History

🤖 Initializing magus.rc ...
Options error: Bad monster_list_colour key: strict_neutral (~/.crawlrc:4810) Bad channel name for runrest: 'pray:' ✅ Successfully initialized magus_sobieck.rc [v0.0.3] Welcome, Sobieck the Minotaur Gladiator.
Everyone else who sought the Orb of Zot has failed.
Will you be different?
Press ? for a list of commands and other information.
Found a staircase leading out of the dungeon.
Setting a skill training target for Polearms at 14.0.
You enter the shallow water.
Moving in this stuff is going to be slow.
You now have 9 gold pieces.
f - a +0 plate armour You now have 17 gold pieces (gained 8).
You enter the shallow water.
Moving in this stuff is going to be slow.
A bat and a ball python come into view.
The ball python hisses angrily.
The bat moves out of view.
Danger!
You hit the ball python.
You headbutt the ball python, but do no damage.
The ball python closely misses you. The ball python barely misses you.
You puncture the ball python!
You kill the ball python!
The bat barely misses you.
You reach to attack!
You hit the bat.
You kill the bat!
No target in view!
A gnoll comes into view. It is wielding a +0 spear.
Danger!
Unknown command.
The gnoll shouts!
Danger!
Unknown command.
You enter the shallow water.
Moving in this stuff is going to be slow.
Why would you want to do that?
Unknown command.
Why would you want to do that?
Unknown command.
Why would you want to do that?
Unknown command.
Why would you want to do that?
Unknown command.
Unknown command.
Unknown command.
Unknown command.
The gnoll barely misses you.
You enter the shallow water.
Moving in this stuff is going to be slow.
The gnoll closely misses you. The gnoll barely misses you.
There is a staircase leading out of the dungeon here.
Are you sure you want to leave the Dungeon?
This will make you lose the game!
The gnoll hits you from afar with a +0 spear.
You have escaped!

Action                   || total
-------------------------++-------
Melee: Trident           ||     3
       Headbutt          ||     1
Dodge: Dodged            ||     6

Levels and vault maps discovered:
D:1:      lemuel_arrival_muddy, layout_rooms,
          hellmonk_ecumenical_altar_watching_god

Notes
Turn   | Place    | Note
-------+----------+-------------------------------------------
     0 | D:1      | Sobieck the Minotaur Gladiator began the quest for the Orb.
     0 | D:1      | Reached XP level 1. HP: 18/18 MP: 0/0
   105 | D:$      | Got out of the dungeon alive.

Vanquished Creatures
  A ball python (D:1)
  A bat (D:1)
2 creatures vanquished.

Table legend:
 A = Non-vault XP
 B = Vault XP
 C = Vault XP percentage of total XP
 D = Non-vault monster count
 E = Vault monster count
 F = Vault count percentage of total count
                 A         B        C        D         E       F
            +---------+---------+-------+---------+---------+-------
      Total |       3 |       0 |   0.0 |       2 |       0 |   0.0
            +---------+---------+-------+---------+---------+-------
        D:1 |       3 |       0 |   0.0 |       2 |       0 |   0.0
            +---------+---------+-------+---------+---------+-------

Illustrated notes

Table legend:
 A = Kills in this place as a percentage of kills in entire the game.
 B = Kills by you in this place as a percentage of kills by you in the entire game.
 C = Kills by friends in this place as a percentage of kills by friends in the entire game.
 D = Other kills in this place as a percentage of other kills in the entire game.
 E = Experience gained in this place as a percentage of experience gained in the entire game.
 F = Experience gained in this place divided by the number of levels of this place that you have seen.
                   A       B       C       D       E      F
               +-------+-------+-------+-------+-------+----------------------
         Total | 100.0 | 100.0 |   N/A |   N/A | 100.0 |   3.0
       Dungeon | 100.0 | 100.0 |   N/A |   N/A | 100.0 |   3.0
               +-------+-------+-------+-------+-------+----------------------

Table legend: (Time is in decaauts)
 A = Elapsed time spent in this place.
 B = Non-inter-level travel time spent in this place.
 C = Inter-level travel time spent in this place.
 D = Time resting spent in this place.
 E = Time spent auto-exploring this place.
 F = Levels seen in this place.
 G = Mean time per level.
                   A        B        C        D        E       F      G
               +--------+--------+--------+--------+--------+-----+--------+
         Total |    110 |    110 |      0 |      0 |     59 |   1 |  110.0 |
       Dungeon |    110 |    110 |      0 |      0 |     59 |   1 |  110.0 |
               +--------+--------+--------+--------+--------+-----+--------+

Top non-repeatable levels by time:
     D:1: 110 daAuts
